Map: Prion Terraces

Players

LilDicky - Winner!

  • Race: Terran Terran
  • League: Diamond

erisalit

  • Race: Protoss Protoss
  • League: Diamond

VOD

http://www.twitch.tv/tumescentpie

Description

Time

  • Played on: Dec. 1, 2015, 9:59 a.m.
  • Length: 7:47
Show
View Real Time Build Order
Export as new Build Order

LilDicky Terran - Winner!

Build Orders: MMM Bio 

Get SALT Encoding   

  12  0:02  SCV  
  13  0:14  SCV  
  13  0:18  Supply Depot  
  14  0:26  SCV  
  15  0:30  Refinery  
  15  0:40  SCV  
  16  0:47  Barracks  
  16  0:53  SCV  
  17  1:05  SCV  
  18  1:17  SCV  
  19  1:30  SCV  
  20  1:35  Factory  
  20  1:39  Marine  
  21  1:42  Supply Depot, Orbital Command  
  21  1:57  Marine  
  22  2:12  Barracks  
  22  2:14  Barracks  
  22  2:25  Barracks Reactor  
  22  2:29  Supply Depot, Refinery  
  21  2:33  Widow Mine  
  23  2:44  SCV  
  24  2:57  SCV  
  25  3:00  Barracks Tech Lab  
  25  3:01  Barracks Tech Lab, Marine x2  
  25  3:03  Widow Mine  
  29  3:09  SCV  
  30  3:19  Stimpack  
  30  3:21  Combat Shields  
  30  3:22  Marine x2  
  30  3:23  Marine x2  
  34  3:28  Supply Depot  
  34  3:51  Marauder x2, Marine x2  
  38  4:00  SCV, Hellion  
  41  4:04  Starport  
  41  4:09  Marine x2  
  43  4:10  Supply Depot  
  43  4:22  SCV  
  44  4:33  Marauder x2, Marine x2  
  50  4:45  SCV  
  51  4:49  Medivac  
  51  4:51  Marine  
  54  5:00  Marine  
  55  5:09  Engineering Bay  
  55  5:19  Marauder  
  55  5:30  Marine  
  55  5:37  Marauder  
  55  5:41  Marine  
  55  5:42  Marauder  
  55  5:47  Supply Depot  
  55  5:50  Marine  
  55  5:51  Medivac  
  58  5:58  Marauder  
  58  5:59  Marine  
  58  6:03  Marine  
  61  6:13  Marine  
  62  6:20  Marauder  
  62  6:21  Missile Turret, Marauder  
  62  6:23  Starport Tech Lab  
  66  6:26  Missile Turret  
  65  6:41  Marauder  
  65  6:42  Marine x2  
  65  6:43  Marauder  
Show
View Real Time Build Order
Export as new Build Order

erisalit Protoss 

Build Orders:  

Get SALT Encoding   

  12  0:02  Probe (Chrono Boost)  
  13  0:12  Probe (Chrono Boost)  
  14  0:20  Pylon  
  14  0:23  Probe (Chrono Boost)  
  15  0:38  Probe (Chrono Boost)  
  15  0:41  Gateway  
  16  0:49  Probe (Chrono Boost)  
  17  1:05  Probe (Chrono Boost)  
  18  1:11  Pylon  
  18  1:13  Assimilator  
  18  1:14  Assimilator  
  18  1:16  Probe (Chrono Boost)  
  19  1:26  Probe (Chrono Boost)  
  19  1:32  Cybernetics Core  
  20  1:37  Probe (Chrono Boost)  
  21  1:47  Probe (Chrono Boost)  
  22  1:58  Probe (Chrono Boost)  
  24  2:08  Probe (Chrono Boost)  
  24  2:30  Forge  
  24  2:32  Gateway  
  26  2:37  Mothership Core (Chrono Boost)  
  26  2:39  Warp Gate (Chrono Boost)  
  26  2:47  Pylon  
  26  2:51  Pylon  
  26  2:55  Nexus  
  26  2:57  Pylon  
  26  3:19  Photon Cannon  
  26  3:26  Photon Cannon  
  26  3:41  Twilight Council  
  26  3:43  Robotics Facility  
  26  3:46  Assimilator  
  21  3:59  Photon Cannon  
  21  4:05  Probe  
  21  4:08  Probe  
  23  4:17  Probe  
  23  4:37  Photon Cannon  
  23  4:40  Probe  
  24  4:49  Dark Shrine  
  24  4:50  Probe  
  25  5:01  Probe  
  25  5:07  Warp Prism  
  26  5:12  Probe  
  29  5:22  Probe  
  30  5:31  Pylon  
  27  5:43  Probe  
  28  5:54  Probe  
  27  6:04  Dark Templar, Probe  
  28  6:15  Probe  
  28  6:16  Gateway  
  28  6:18  Gateway  
  29  6:20  Pylon  
  29  6:22  Pylon  
  29  6:25  Pylon  
  29  6:33  Mothership Core  
  30  6:52  Probe  
  31  6:55  Assimilator  
  31  7:01  Gateway  
  31  7:03  Probe  
  32  7:13  Probe  
  33  7:16  Dark Templar  
  33  7:19  Dark Templar  
Tags
 
Add a new tag
Caveats
  • Supply blocks, unpowered buildings, or Contaminate may cause inaccurate times.
  • Supply counts are checked every 10 seconds.